AoeStats
← Brown Sugar

Runestones

508327369Analyzed
1v1 RM · 9d ago on Sep 21, 2026· 18m 3s· 2 players
Game mode
Random Map
Map size
Tiny (2 player)
Population
200
Speed
Normal
Resources
Standard
Victory
Conquest
Starting age
Dark Age
Ending age
Imperial Age
RankedLock teamsTeams togetherTeam positionsShared explorationLock speedFull tech treeHidden civsTurbo modeCheats
Victory
Defeat
🇺🇸 Burgundians · United States
877
+16
🇺🇸 Magyars · United States
875
-16
Brown Sugar
10:00 Feudal Age
8:29 Loom
12:05 Loom
12:35 Bloodlines
13:24 Horse Collar
13:38 Double-Bit Axe
15:20 Town Watch
docholiday3755
5:22 Loom
7:56 Double-Bit Axe
11:28 Feudal Age
13:11 Bow Saw
Connection lost

Rejoining the realm…

Still unreachable

The connection could not be restored.

Session expired

The server has moved on; the page needs a fresh start.